 Dungeon Sprint DCSS version 0.27-a0-1502-g47ed6a6988 (webtiles) character file.

Game seed: 12098370400388070057

1100000 tygod the Sorcerer (level 11, -29/47 HPs)
             Began as a Spriggan Wanderer on July 8, 2021.
             Annihilated by a meat berserker (56 damage)
             ... in the Dungeon (Sprint VIII: "Arena of Blood").
             The game lasted 00:00:27 (11 turns).

tygod the Sorcerer (Spriggan Wanderer)                Turns: 11, Time: 00:00:28

Health: -29/47     AC:  2    Str: 11    XL:     11   Next: 71%
Magic:  6/41       EV: 15    Int: 13    God:
Gold:   0          SH:  0    Dex: 16    Spells: 60/60 levels left

rFire    . . .     SeeInvis +   i - +∞ Axe of Woe
rCold    . . .     Faith    .   (shield currently unavailable)
rNeg     . . .     Spirit   .   b - +0 robe
rPois    .         Reflect  .   (helmet restricted)
rElec    .         Harm     .   (no cloak)
rCorr    .         Rampage  .   (gloves unavailable)
Will     +....     NoTele   +   (boots unavailable)
Stlth    ++++......             (no amulet)
HPRegen  0.15/turn              (no ring)
MPRegen  0.27/turn              (no ring)

@: very quick
A: very small, no large weapons, unfitting armour, see invisible, speed 3
a: no special abilities


You were in the Dungeon.
You visited 1 branch

Inventory:

Hand Weapons
 a - a +0 dagger
 i - the +∞ Axe of Woe (weapon)
   (You found it in the Dungeon)
Armour
 b - a +0 robe (worn)
Scrolls
 h - a scroll of blinking
Potions
 c - a potion of curing
 d - a potion of heal wounds
 e - a potion of haste
 f - 2 potions of magic
 g - a potion of berserk rage


   Skills:
 + Level 4.2 Axes
 + Level 4.3 Throwing
 + Level 6.8 Stealth
 + Level 25.3 Spellcasting
 + Level 5.1 Hexes
 + Level 9.9 Necromancy
 + Level 14.5 Translocations


You had 60 spell levels left.
You didn't know any spells.
Your spell library contained the following spells:

 Spells                   Type           Power      Damage    Failure   Level
 Corona                   Hex            32%        N/A       1%          1
 Ensorcelled Hibernation  Hex/Ice        46%        N/A       1%          2
 Confusing Touch          Hex            29%        N/A       1%          3
 Tukima's Dance           Hex            29%        N/A       1%          3
 Dazzling Flash           Conj/Hex       46%        N/A       2%          3


Dungeon Overview and Level Annotations

Branches:
Dungeon (1/1)

Altars:
Makhleb


Innate Abilities, Weirdness & Mutations

You are very small and have problems with some larger weapons.
You are too small for most types of armour.
You have supernaturally acute eyesight. (SInv)
You cover ground extremely quickly. (Speed+++)


Message History

Your Spellcasting skill gained 21 levels and is now at level 25!
Your Hexes skill gained 4 levels and is now at level 5!
Your Necromancy skill gained 8 levels and is now at level 9!
Your Translocations skill gained 11 levels and is now at level 14!
You have reached level 2!
You have reached level 3!
Your experience leads to an increase in your attributes!
Increase (S)trength, (I)ntelligence, or (D)exterity?
You feel agile.
You have reached level 4!
You have reached level 5!
You feel clever.
You have reached level 6!
Your experience leads to an increase in your attributes!
Increase (S)trength, (I)ntelligence, or (D)exterity?
You feel agile.
You have reached level 7!
You have reached level 8!
You have reached level 9!
Your experience leads to an increase in your attributes!
Increase (S)trength, (I)ntelligence, or (D)exterity?
You feel agile.
You have reached level 10!
You feel agile.
You have reached level 11!
Unknown command.
You hear a shout! x3
You hear a shout! x5
A bag of meat comes into view. It is wielding a +9 war axe.
You hear a shout!
The bag of meat shouts!
You hit the bag of meat.
You dissect the bag of meat like a pig carcass.
You kill the bag of meat!
You hear a shout! x6
A meat berserker comes into view. It is wielding a +9 battleaxe.
You hear a shout! x8
The meat berserker hits you with a +9 battleaxe!!!
Ouch! That really hurt!
You die...

.... .... .... .......
......... .........
#.......# .........
#.......# .........
.###....o..###........
......###o............
....._....@O.....O..
#.....#.o.....#.#.
#_.<._#o..........
..#.....#....).#.#.#
......_........O....
......###.....o..o#.#
.###.......###........
#.......# .........
#.......# .........


You could see 3 meat berserkers and 6 bags of meat.

Vanquished Creatures
  2 orcs (D)
2 creatures vanquished.

Notes
Turn   | Place    | Note
-------+----------+-------------------------------------------
     0 | D        | Found the +∞ Axe of Woe
     0 | D        | tygod the Spriggan Wanderer began the quest for the Orb.
     0 | D        | tygod set off with the following items: a +0 dagger, a +0
                  | robe, a potion of curing, a potion of heal wounds, a potion
                  | of haste, 2 potions of magic, a potion of berserk rage, a
                  | scroll of blinking; and the following spells available to
                  | memorise: Corona, Ensorcelled Hibernation, Confusing Touch,
                  | Tukima's Dance, Dazzling Flash
     0 | D        | Reached XP level 1. HP: 9/9 MP: 6/6
     0 | D        | Noticed a bag of meat
     2 | D        | Noticed a bag of meat
     5 | D        | Noticed a bag of meat
     6 | D        | Noticed a bag of meat
     6 | D        | Noticed a meat berserker
     7 | D        | Noticed a bag of meat
     8 | D        | Killed a bag of meat
     8 | D        | Noticed a bag of meat
     8 | D        | Noticed a meat berserker
     8 | D        | Noticed a bag of meat
     9 | D        | Reached skill level 25 in Spellcasting
     9 | D        | Reached skill level 5 in Hexes
     9 | D        | Reached XP level 2. HP: 7/13 MP: 6/29
     9 | D        | Reached XP level 3. HP: 9/16 MP: 6/30
     9 | D        | Reached XP level 4. HP: 12/21 MP: 6/32
     9 | D        | Reached XP level 5. HP: 13/24 MP: 6/33
     9 | D        | Reached XP level 6. HP: 16/28 MP: 6/35
     9 | D        | Reached XP level 7. HP: 18/32 MP: 6/36
     9 | D        | Reached XP level 8. HP: 20/36 MP: 6/38
     9 | D        | Reached XP level 9. HP: 22/39 MP: 6/39
     9 | D        | Reached XP level 10. HP: 25/44 MP: 6/40
     9 | D        | Reached XP level 11. HP: 27/47 MP: 6/41
    10 | D        | Noticed a bag of meat
    11 | D        | Killed a bag of meat
    11 | D        | Noticed a meat berserker
    11 | D        | Annihilated by a meat berserker

Illustrated notes

Levels and vault maps discovered:
D:        meatsprint

Skill      XL: |  1 |
---------------+----+-----
Axes           | 4 |  4.2
Throwing       | 4 |  4.3
Stealth        | 6 |  6.8
Spellcasting   | 25 | 25.3
Hexes          | 5 |  5.1
Necromancy     | 9 |  9.9
Translocations | 14 | 14.5

Action                   |  1- 3 |  4- 6 |  7- 9 | 10-12 || total
-------------------------+-------+-------+-------+-------++-------
Melee: Broad axe         |     1 |       |       |     1 ||     2

Table legend: (Time is in decaauts)
 A = Elapsed time spent in this place.
 B = Non-inter-level travel time spent in this place.
 C = Inter-level travel time spent in this place.
 D = Time resting spent in this place.
 E = Time spent auto-exploring this place.
 F = Levels seen in this place.
 G = Mean time per level.
                   A        B        C        D        E       F      G
               +--------+--------+--------+--------+--------+-----+--------+
         Total |      7 |      7 |      0 |      0 |      0 |   1 |    7.0 |
       Dungeon |      7 |      7 |      0 |      0 |      0 |   1 |    7.0 |
               +--------+--------+--------+--------+--------+-----+--------+

Top non-repeatable levels by time:
       D: 7 daAuts
